 Dungeon Crawl Stone Soup version 0.31-a0-210-gccc998df9b (webtiles) character file.

Game seed: 7261307646521383896

63 qw the Shooter (level 3, 0/30 HPs)
             Began as a Minotaur Hexslinger on June 29, 2023.
             Slain by an orc wizard
             ... wielding a +0 dagger
              (4 damage)
             ... on level 3 of the Dungeon.
             The game lasted 00:00:33 (1383 turns).

qw the Shooter (Minotaur Hexslinger)                Turns: 1383, Time: 00:00:33

Health: 0/30       AC:  3    Str: 18    XL:     3   Next: 87%
Magic:  3/3        EV: 12    Int: 10    God:
Gold:   136        SH:  0    Dex: 14    Spells: 3/4 levels left

rFire   . . .        Y - +1 sling
rCold   . . .        (no shield)
rNeg    . . .        j - +0 leather armour
rPois   .            (helmet restricted)
rElec   .            (no cloak)
rCorr   .            (no gloves)
SInv    .            (no boots)
Will    .....        (no amulet)
Stlth   +            f - +6 ring of strength
HPRegen 0.25/turn    (no ring)
MPRegen 0.08/turn

%: no passive effects
@: confused
A: horns 2, retaliatory headbutt
a: no special abilities


You were on level 3 of the Dungeon.
You visited 1 branch of the dungeon, and saw 3 of its levels.

You collected 136 gold pieces.


Innate Abilities, Weirdness & Mutations

You have a pair of horns on your head.
You reflexively headbutt those who attack you in melee.


   Skills:
 - Level 2.3 Fighting
 + Level 4.2 Ranged Weapons
 - Level 2.1 Dodging
 - Level 1.0 Spellcasting
 - Level 2.0 Hexes


You had 3 spell levels left.
You knew the following spells:

 Your Spells              Type           Power      Damage    Failure   Level
a - Slow                  Hex            16%        N/A       19%         1

Your spell library contained the following spells:

 Spells                   Type           Power      Damage    Failure   Level
 Inner Flame              Hex/Fire       2%         N/A       63%         3
 Portal Projectile        Hex/Tloc       4%         N/A       63%         3
 Cause Fear               Hex            2%         N/A       87%         4

Inventory:

Hand Weapons
 Y - a +1 sling (weapon)
Armour
 j - a +0 leather armour (worn)
Jewellery
 f - a +6 ring of strength (left hand)
Scrolls
 a - a scroll of identify
 c - a scroll of teleportation
 h - a scroll of enchant armour
Potions
 b - a potion of haste {unknown}
 d - a potion of curing {unknown}
 e - a potion of lignification {unknown}

Dungeon Overview and Level Annotations

Branches:
Dungeon (3/15)

Altars:


Message History

You shoot a sling bullet. The orc wizard shouts!
The sling bullet hits the orc but does no damage.
A giant cockroach comes into view.
You shoot a sling bullet.
The sling bullet hits the orc but does no damage.
An orc wizard comes into view. It is wielding a +0 dagger.
1374 ||| Stepping ~*~*~tactically~*~*~ (outnumbered).
An orc and an orc wizard come into view.
The orc wizard mumbles some strange words.
The orc wizard flickers and vanishes!
Deactivating autopickup; reactivate with Ctrl-A.
The orc wizard mumbles some strange words.
The orc wizard flickers and vanishes!
You shoot a sling bullet. The sling bullet hits the orc.
The orc is lightly wounded.
You shoot a sling bullet.
The sling bullet closely misses the orc.
The sling bullet hits the giant cockroach.
The giant cockroach is heavily wounded.
The orc hits you with a +0 hand axe. x2
You shoot a sling bullet.
The sling bullet hits the orc but does no damage.
The orc is lightly wounded.
You shoot a sling bullet. The sling bullet barely misses the orc.
You hear some strange, mumbled words.
A puff of flame appears from out of thin air!
The puff of flame hits you! The orc closely misses you.
You shoot a sling bullet.
The sling bullet hits the orc but does no damage.
The orc is lightly wounded.
You hear some strange, mumbled words.
You are confused.
The orc hits you with a +0 hand axe.
You hear some strange, mumbled words.
A magic dart appears from out of thin air!
The magic dart hits you. The orc closely misses you. Something hits you.
The orc hits you with a +0 hand axe. Something hits you.
You die...

#.# #.# . #.# .. #.#
##... ##...)....
..#{..... #o{o)...#
#####@# ..##.# #
#.##.####..#
#.##.##.......#
#.......#####..#
####(#### #.# # #.## #.#
.#
.#.####..########.#+#.###
........%##.....%........


You could see 2 orcs.

Vanquished Creatures
  2 adders
  A worm (D:2)
  A dart slug (D:1)
  4 orcs (D:3)
  6 endoplasms
  A giant cockroach (D:1)
  A goblin (D:1)
  3 hobgoblins
  4 jackals (D:2)
  A quokka (D:1)
  3 ball pythons
  3 frilled lizards
  3 kobolds
33 creatures vanquished.

Notes
Turn   | Place    | Note
-------+----------+-------------------------------------------
     0 | D:1      | qw the Minotaur Hexslinger began the quest for the Orb.
     0 | D:1      | Reached XP level 1. HP: 16/16 MP: 1/1
     0 | D:1      | 0 ||| qw: Version: 0.3-a-24-ga2abf7b
     0 | D:1      | 0 ||| qw: Game counter: 7007
     0 | D:1      | 0 ||| qw: Melee chars always use a shield: true
     0 | D:1      | 0 ||| qw: God list: Okawaru
     0 | D:1      | 0 ||| qw: Allow faded altars: false
     0 | D:1      | 0 ||| qw: Do Orc after clearing Dungeon:15 true
     0 | D:1      | 0 ||| qw: Do second Lair branch before Depths: true
     0 | D:1      | 0 ||| qw: Lair rune preference: random
     0 | D:1      | 0 ||| qw: Goals: Normal
     0 | D:1      | 0 ||| PLANNING D:1-11
   253 | D:1      | Reached skill level 3 in Ranged Weapons
   253 | D:1      | Reached XP level 2. HP: 23/23 MP: 2/2
   490 | D:1      | 490 ||| UPGRADING to +0 leather armour.
   500 | D:1      | 500 ||| DROPPING +0 robe.
   501 | D:1      | 501 ||| READING scroll labelled ZENEASS HUPNOM.
   541 | D:1      | 541 ||| READING scroll labelled BULUAFO ODAOMOAXO.
   542 | D:1      | 542 ||| READING 2 scrolls labelled TIS WADEJUWU.
   543 | D:1      | 543 ||| READING scroll labelled VEOGEK TEMYLOAREA.
   546 | D:1      | 546 ||| DROPPING scroll of poison.
   898 | D:2      | Reached XP level 3. HP: 19/30 MP: 3/3
   907 | D:2      | 907 ||| FLEEEEING.
  1266 | D:2      | 1266 ||| UPGRADING to +6 ring of strength.
  1267 | D:2      | 1267 ||| READING 2 scrolls labelled XUGHOS JOAT OGHYOM.
  1268 | D:2      | 1268 ||| READING scroll labelled ETUSSO JAEFF.
  1326 | D:3      | Reached skill level 4 in Ranged Weapons
  1367 | D:3      | 1367 ||| Stepping ~*~*~tactically~*~*~ (outnumbered).
  1374 | D:3      | 1374 ||| Stepping ~*~*~tactically~*~*~ (outnumbered).
  1381 | D:3      | HP: 7/30 [something/magic dart (6)]
  1383 | D:3      | Slain by an orc wizard

Levels and vault maps discovered:
D:1:      dpeg_arrival_water_temple_mockup, layout_rooms, minmay_unequal
D:2:      layout_basic, serial_forest, infiniplex_forest_end_1,
          infiniplex_forest_clump_long, infiniplex_forest_clump_long,
          infiniplex_forest_end_1, infiniplex_forest_clump_diagonal,
          infiniplex_forest_clump_curved, infiniplex_forest_zigzag_2,
          nicolae_figureground_sparkle
D:3:      layout_loops_cross, kennysheep_slug_shrine,
          mainiacjoe_overflow_surrounded_room

Skill      XL: |  1  2  3 |
---------------+----------+-----
Ranged Weapons | 3 4 |  4.2
Fighting       | 2 |  2.3
Dodging        | |  2.1
Spellcasting   | |  1.0
Hexes          | |  2.0

Action                     || total
---------------------------++-------
   Fire: Sling             ||   115
    Use: Scroll            ||     6
 Armour: Robe              ||     6
         Leather armour    ||     9
  Dodge: Dodged            ||    43

Table legend:
 A = Non-vault XP
 B = Vault XP
 C = Vault XP percentage of total XP
 D = Non-vault monster count
 E = Vault monster count
 F = Vault count percentage of total count
                 A         B        C        D         E       F
            +---------+---------+-------+---------+---------+-------
      Total |      85 |       5 |   5.6 |      30 |       3 |   9.1
            +---------+---------+-------+---------+---------+-------
        D:1 |      13 |       5 |  27.8 |       7 |       3 |  30.0
        D:2 |      38 |       0 |   0.0 |      13 |       0 |   0.0
        D:3 |      34 |       0 |   0.0 |      10 |       0 |   0.0
            +---------+---------+-------+---------+---------+-------
